 Dungeon Crawl Stone Soup version 0.28-a0-1114-g8eb0198dcf (webtiles) character file.

Game seed: 6621898985886795364

88 BinkBink the Skirmisher (level 4, -5/37 HPs)
             Began as a Human Monk on Dec 10, 2021.
             Was a Believer of Ru.
             Killed by divine providence
             ... invoked by an orc priest
              (12 damage)
             ... on level 3 of the Dungeon.
             The game lasted 00:04:16 (2196 turns).

BinkBink the Skirmisher (Human Monk)                Turns: 2196, Time: 00:04:16

Health: -5/37      AC:  4    Str: 12    XL:     4   Next: 81%
Magic:  4/4        EV: 13    Int: 10    God:    Ru [**....]
Gold:   146        SH:  0    Dex: 17    Spells: 3/3 levels left

rFire   . . .      SeeInvis .   a - +0 short sword
rCold   + . .      Faith    .   (no shield)
rNeg    . . .      Spirit   .   i - +1 leather armour {rC+}
rPois   .          Reflect  .   (no helmet)
rElec   .          Harm     .   (no cloak)
rCorr   .          Rampage  .   (no gloves)
Will    .....                   (no boots)
Stlth   ++........              (no amulet)
HPRegen 0.12/turn               (no ring)
MPRegen 0.09/turn               (no ring)

@: hasted, very quick
A: inability to use devices
a: Renounce Religion


You were on level 3 of the Dungeon.
You worshipped Ru.
Ru was pleased with you.
You visited 1 branch of the dungeon, and saw 3 of its levels.

You collected 146 gold pieces.

Inventory:

Hand Weapons
 a - a +0 short sword (weapon)
Missiles
 d - 18 bolts
 g - 2 boomerangs of dispersal (quivered)
 m - 2 throwing nets
Armour
 b - a +0 robe
 i - a +1 leather armour of cold resistance (worn)
Jewellery
 k - a ring of positive energy
 n - a ring of protection from fire
Scrolls
 c - a scroll of enchant weapon {unknown}
 h - a scroll of brand weapon {unknown}
 o - 2 scrolls of identify {unknown}
 r - a scroll of fear {unknown}
Potions
 e - a potion of attraction {unknown}
 f - a potion of flight {unknown}
 j - a potion of lignification {unknown}
 l - a potion of haste
 p - a potion of might {unknown}
 q - a potion of cancellation {unknown}
 s - a potion of curing {unknown}


   Skills:
 + Level 3.7 Fighting
 + Level 3.7 Short Blades
 + Level 1.0 Armour
 + Level 3.6 Dodging
 + Level 2.2 Stealth


You had 3 spell levels left.
You didn't know any spells.
Your spell library contained the following spells:

 Spells                   Type           Power      Damage    Failure   Level
 Summon Forest            Summ/Tloc      0%         N/A       100%        5
 Summon Mana Viper        Hex/Summ       0%         N/A       100%        5
 Summon Cactus Giant      Summ           0%         N/A       100%        6


Dungeon Overview and Level Annotations

Branches:
Dungeon (3/15)

Altars:
Ru

Shops:
D:1 [?[


Innate Abilities, Weirdness & Mutations

You cannot study or use magical devices.


Message History

The orc is lightly wounded.
The orc hits you with a +0 flail.
You barely miss the orc.
The orc is lightly wounded.
The orc closely misses you.
You closely miss the orc.
The orc is lightly wounded.
The orc barely misses you.
You hit the orc.
The orc is heavily wounded.
The orc shouts!
You hear a shout!
An orc comes into view. It is wielding a +0 short sword.
You hit the orc.
The orc is severely wounded.
The orc barely misses you.
You barely miss the orc.
The orc is severely wounded.
The orc closely misses you.
You hit the orc but do no damage.
The orc is severely wounded.
An orc priest comes into view. It is wielding a +0 hand axe.
The orc closely misses you.
You hit the orc but do no damage.
The orc is severely wounded.
The orc hits you with a +0 flail.
You hit the orc but do no damage.
The orc is severely wounded.
The orc hits you with a +0 flail!
Really walk into that teleport trap?
You enter a teleport trap!
The teleport trap disappears.
Your surroundings seem slightly different.
You see here a scroll labelled EKKAGOZIAD.
The orc priest calls down the wrath of Beogh upon you.
Beogh smites you!
* * * LOW HITPOINT WARNING * * *
It was a potion of haste.
You feel yourself speed up.
Okay, then.
The orc priest mumbles some strange prayers to Beogh against you.
Beogh smites you!
You die...

#.......# ####.#####
######..#### #...###
##....#####o..##
#......#......#####
#####..#..............###
#.....>...............††##
#...................###...
#.........................
#........@..............<.
#................[........
#.........#...............
#.....................#.#.
#.........................
#.............#########. .
#.............# ## #
##########....# ...###


You could see an orc priest.

Vanquished Creatures
  3 gnolls (D:2)
  2 adders (D:2)
  A worm (D:2)
  6 bats
  5 endoplasms
  2 giant cockroaches
  A goblin (D:1)
  7 hobgoblins
  A quokka (D:2)
  4 ball pythons
  3 frilled lizards (D:1)
35 creatures vanquished.

Vanquished Creatures (others)
  3 plants (D:1)
3 creatures vanquished.

Grand Total: 38 creatures vanquished

Notes
Turn   | Place    | Note
-------+----------+-------------------------------------------
     0 | D:1      | BinkBink the Human Monk began the quest for the Orb.
     0 | D:1      | Reached XP level 1. HP: 18/18 MP: 1/1
   201 | D:1      | Found Jeokleti's Antique Armour Shop.
   218 | D:1      | Found Doutimen's Magic Scroll Shop.
   244 | D:1      | Found Tesk's Antique Armour Boutique.
   323 | D:1      | Reached XP level 2. HP: 16/24 MP: 2/2
   983 | D:1      | Found a faded altar of an unknown god.
  1203 | D:1      | Prayed at the altar of an unknown god.
  1203 | D:1      | Became a worshipper of Ru the Awakened
  1225 | D:1      | Gained mutation: You cannot study or use magical devices.
                  | [Ru sacrifice]
  1225 | D:1      | Reached * piety under Ru
  1225 | D:1      | Reached ** piety under Ru
  1279 | D:2      | Reached XP level 3. HP: 29/29 MP: 3/3
  1613 | D:2      | Reached XP level 4. HP: 21/36 MP: 4/4
  1877 | D:2      | Reached skill level 1 in Armour
  2196 | D:3      | Killed from afar by an orc priest

Illustrated notes

Levels and vault maps discovered:
D:1:      dpeg_arrival_three_same_balls, layout_basic,
          dilly_ecumenical_altar_fadedgnrine, serial_shops,
          nicolae_shop_hallway_stairs, shop, shop, minmay_split_cup_small
D:2:      layout_rooms, minmay_tromino_mix6
D:3:      layout_rooms, serial_shops, nicolae_lakefront_shop, bh_walls_and_bars,
          uniq_robin

Skill      XL: |  1  2  3  4 |
---------------+-------------+-----
Armour         | 1 |  1.0
Fighting       | |  3.7
Short Blades   | |  3.7
Dodging        | |  3.6
Stealth        | |  2.2

Action                   |  1- 3 |  4- 6 || total
-------------------------+-------+-------++-------
Melee: Short sword       |   109 |    46 ||   155
Invok: Sacrifice Artific |     1 |       ||     1
  Use: Potion            |       |     1 ||     1
 Stab: Sleeping          |     2 |     2 ||     4
Armor: Robe              |     7 |       ||     7
       Leather armour    |     9 |     4 ||    13
Dodge: Dodged            |    77 |    17 ||    94

Table legend: (Time is in decaauts)
 A = Elapsed time spent in this place.
 B = Non-inter-level travel time spent in this place.
 C = Inter-level travel time spent in this place.
 D = Time resting spent in this place.
 E = Time spent auto-exploring this place.
 F = Levels seen in this place.
 G = Mean time per level.
                   A        B        C        D        E       F      G
               +--------+--------+--------+--------+--------+-----+--------+
         Total |   2180 |   2055 |    125 |      0 |   1687 |   3 |  726.7 |
       Dungeon |   2180 |   2055 |    125 |      0 |   1687 |   3 |  726.7 |
               +--------+--------+--------+--------+--------+-----+--------+

Top non-repeatable levels by time:
     D:1: 1268 daAuts
     D:2: 827 daAuts
     D:3: 85 daAuts
